 Dungeon Crawl Stone Soup version 0.31-a0-986-g5e6e4ef867 (webtiles) character file.

Game seed: 1309486309725294159

18 timneilson the Ruffian (level 2, -2/18 HPs)
             Began as an Octopode Shapeshifter on Nov 11, 2023.
             Slain by Terence
             ... wielding a +0 flail of holy wrath
              (6 damage)
             ... on level 2 of the Dungeon.
             The game lasted 00:01:07 (745 turns).

timneilson the Ruffian (Octopode Shapeshifter)       Turns: 745, Time: 00:01:07

Health: -2/18      AC:  1    Str: 13    XL:     2   Next: 66%
Magic:  2/2        EV: 13    Int: 12    God:
Gold:   58         SH:  0    Dex: 11    Spells: 1/1 levels left

rFire   . .          .
                       - Unarmed
rCold   . . .        (no shield)
rNeg    . . .        (helmet currently unavailable)
rPois   .            (no amulet)
rElec   .            (no ring)
rCorr   .            (no ring)
SInv    .            (no ring)
Will    .....        (no ring)
Stlth   ++           (no ring)
HPRegen 0.23/turn    (no ring)
MPRegen 0.08/turn    (no ring)
                     (no ring)

%: no passive effects
@: beast-form
A: beast (slay +1), almost no armour, amphibious, 8 rings, camouflage 1,
gelatinous body 1, (nimble swimmer 1), tentacles
a: Begin Untransformation


You were on level 2 of the Dungeon.
You were a hulking beast.
You visited 1 branch of the dungeon, and saw 2 of its levels.

You collected 58 gold pieces.

Inventory:

Talismans
 b - a beast talisman
 c - a flux talisman
Potions
 a - a potion of lignification
 e - 2 potions of heal wounds {unknown}
 g - a potion of haste {unknown}


   Skills:
 * Level 1.4 Fighting
 * Level 2.2 Dodging
 + Level 0.6 Stealth
 * Level 3.2 Unarmed Combat
 + Level 0.2 Spellcasting
 * Level 3.1 Shapeshifting


You had one spell level left.
You didn't know any spells.
Your spell library was empty.

Dungeon Overview and Level Annotations

Branches:
Dungeon (2/15)

Altars:

Shops:
D:1 (

Annotations:
D:2 Terence


Innate Abilities, Weirdness & Mutations

You are a hulking beast.
Your limbs bulge with bestial killing power. (Slay +1)
You cannot wear most types of armour.
You are amphibious.
You can wear up to eight rings at the same time.
Your skin changes colour to match your surroundings (Stealth+).
Your rubbery body absorbs attacks. (AC +1, EV +1)
((You are camouflaged when in or above water. (Stealth+)))
You have tentacles for arms and can constrict up to eight enemies at once.


Message History

There is a stone staircase leading down here.
You climb downwards.
There is a stone staircase leading up here.
Found a stone staircase leading up.
A quokka comes into view.
You barely miss the quokka. Your grab misses the quokka.
Your squeeze misses the quokka. The quokka closely misses you.
You tentacle-slap the quokka. Your grab misses the quokka.
Your squeeze misses the quokka.
The quokka is almost dead.
The quokka bites you.
You bludgeon the quokka!
You kill the quokka!
HP restored.
Terence the Incautious comes into view.
He is wielding a +0 flail of holy wrath.
A kobold comes into view.
It is wielding a +1 short sword of speed.
Terence shouts!
You hear a shout!
A bat comes into view.
The bat barely misses you.
A rat comes into view.
The bat misses you.
You tentacle-slap the bat.
You kill the bat!
You tentacle-slap the kobold but do no damage.
You grab the kobold. You tentacle-slap the kobold. You squeeze the kobold.
You kill the kobold!
You barely miss Terence. You grab Terence.
You constrict Terence, but do no damage.
Terence hits you with a +0 flail of holy wrath!
Ouch! That really hurt!
You tentacle-slap Terence.
Terence is lightly wounded.
You constrict Terence, but do no damage.
Terence hits you with a +0 flail of holy wrath.
* * * LOW HITPOINT WARNING * * *
You tentacle-slap Terence.
Terence is moderately wounded.
You constrict Terence.
Terence hits you with a +0 flail of holy wrath.
You die...

#..## #...##
##....####
...K....+ #....#
#.# #r# #@# #h#
#######+# #.#
#.......# #.#
#.......####
#.#####..........#
#.................
#######...........
#..<......#.
#.......#.#.
####..###.#.


You could see Terence and a rat.

Vanquished Creatures
  A dart slug (D:1)
  3 bats
  An endoplasm (D:1)
  A goblin (D:1)
  A hobgoblin (D:1)
  2 kobolds
  2 quokkas
  A ball python (D:1)
  A frilled lizard (D:1)
  2 rats (D:1)
15 creatures vanquished.

Notes
Turn   | Place    | Note
-------+----------+-------------------------------------------
     0 | D:1      | timneilson the Octopode Shapeshifter began the quest for
                  | the Orb.
     0 | D:1      | Reached XP level 1. HP: 13/13 MP: 1/1
   139 | D:1      | Reached XP level 2. HP: 15/18 MP: 2/2
   508 | D:1      | Found Plog's Antique Weapon Boutique.
   732 | D:2      | Noticed Terence
   745 | D:2      | Slain by Terence

Illustrated notes

Levels and vault maps discovered:
D:1:      spicycebolla_arrival_ecumenical, layout_loops_ring, serial_shops, shop
D:2:      layout_loops_corners, uniq_terence

Action                     || total
---------------------------++-------
  Melee: Unarmed           ||    25
         Constrict         ||     7
         Tentacles         ||     3
         Punch             ||     1
    Use: Scroll            ||     2
   Stab: Sleeping          ||     4
 Armour: Skin              ||     9
  Dodge: Dodged            ||    11

Table legend: (Time is in decaauts)
 A = Elapsed time spent in this place.
 B = Non-inter-level travel time spent in this place.
 C = Inter-level travel time spent in this place.
 D = Time resting spent in this place.
 E = Time spent auto-exploring this place.
 F = Levels seen in this place.
 G = Mean time per level.
                   A        B        C        D        E       F      G
               +--------+--------+--------+--------+--------+-----+--------+
         Total |    743 |    712 |     31 |      0 |    574 |   2 |  371.5 |
       Dungeon |    743 |    712 |     31 |      0 |    574 |   2 |  371.5 |
               +--------+--------+--------+--------+--------+-----+--------+

Top non-repeatable levels by time:
     D:1: 696 daAuts
     D:2: 47 daAuts
